Map: Dusk Towers

Players

IIIIIIIIIIII - Winner!

  • Race: Zerg Zerg
  • League: Master

xKawaiian

  • Race: Terran Terran
  • League: Master

VOD

Have the link to the VOD?

Description

Time

  • Played on: Jan. 15, 2016, 1:30 a.m.
  • Length: 4:49
Show
View Real Time Build Order
Export as new Build Order

IIIIIIIIIIII Zerg - Winner!

Build Orders: Hatch First, Zergling Baneling 

Get SALT Encoding   

  12  0:01  Drone  
  13  0:09  Drone  
  14  0:19  Overlord  
  14  0:23  Extractor  
  14  0:24  Extractor  
  14  0:28  Drone  
  13  0:29  Drone  
  16  0:51  Hatchery  
  16  0:54  Drone  
  16  1:02  Extractor  
  15  1:12  Spawning Pool  
  14  1:19  Drone x2  
  14  1:21  Drone  
  17  1:32  Drone  
  18  1:41  Drone  
  19  1:52  Overlord  
  19  1:59  Queen  
  21  2:03  Zergling x4  
  21  2:06  Queen  
  25  2:13  Metabolic Boost  
  25  2:33  Drone  
  25  2:34  Drone x3  
  29  2:55  Baneling Nest  
  29  2:58  Zergling x12  
  34  3:11  Overlord  
  34  3:12  Zergling x4  
  36  3:17  Extractor  
  36  3:18  Zergling x6, Extractor x2  
  37  3:38  Zergling x12  
  43  3:42  Overlord  
  43  3:55  Zergling x2  
  44  4:03  Zergling x10  
  49  4:11  Baneling x11  
  49  4:13  Zergling x2  
  50  4:19  Baneling  
  50  4:21  Zergling x2  
  50  4:22  Zergling x2  
  52  4:25  Overlord  
Show
View Real Time Build Order
Export as new Build Order

xKawaiian Terran 

Build Orders: Reaper Expand 

Get SALT Encoding   

  12  0:01  SCV  
  13  0:13  SCV  
  14  0:17  Supply Depot  
  14  0:25  SCV  
  15  0:39  SCV  
  15  0:41  Barracks  
  16  0:47  Refinery  
  16  0:51  SCV  
  17  1:03  SCV  
  18  1:16  SCV  
  19  1:29  Orbital Command  
  19  1:32  Reaper  
  20  1:40  Command Center  
  20  1:53  Supply Depot  
  20  1:55  SCV  
  21  2:04  Barracks Reactor  
  21  2:07  SCV  
  22  2:08  Barracks  
  22  2:19  SCV  
  22  2:21  Barracks  
  23  2:31  SCV  
  24  2:41  Marine x2  
  24  2:43  SCV  
  27  2:53  Orbital Command  
  27  2:55  SCV  
  27  2:57  Barracks Tech Lab  
  28  2:59  Marine x2  
  30  3:07  SCV  
  30  3:11  Factory  
  31  3:16  Marine x4  
  31  3:17  Refinery  
  31  3:19  SCV  
  36  3:29  SCV  
  36  3:32  SCV  
  36  3:34  Marine x2  
  38  3:37  Marine  
  41  3:41  SCV, Supply Depot  
  41  3:43  Marine  
  41  3:44  SCV  
  44  3:51  Marine  
  44  3:52  Marine  
  44  3:53  SCV  
  46  3:57  Starport, Factory Reactor  
  46  4:03  Marine x2  
  46  4:05  Supply Depot  
  46  4:07  Supply Depot  
  46  4:09  Marine x2  
  49  4:10  SCV  
  49  4:11  SCV  
  52  4:21  Marine  
  54  4:25  Marine  
  54  4:26  SCV  
  54  4:27  SCV  
  54  4:29  Marine x2  
  54  4:30  Supply Depot  
Tags
 
Add a new tag
Caveats
  • Supply blocks, unpowered buildings, or Contaminate may cause inaccurate times.
  • Supply counts are checked every 10 seconds.